 Dungeon Crawl Stone Soup version 0.32-a0-999-gfa1cc04b1d (webtiles) character file.

Game seed: 5232353859134222910

1194 petete the Digger (level 8, 0/52 HPs)
             Began as a Vampire Earth Elementalist on Apr 24, 2024.
             Was a Follower of Vehumet.
             Slain by an adder (1 damage)
             ... on level 6 of the Dungeon.
             The game lasted 00:19:43 (4673 turns).

petete the Digger (Vampire Earth Elementalist)      Turns: 4673, Time: 00:19:44

Health: 0/52       AC:  2    Str:  7    XL:     8   Next: 20%
Magic:  23/25      EV: 11    Int: 20    God:    Vehumet [*.....]
Gold:   274        SH:  0    Dex: 14    Spells: 7/18 levels left

rFire   . . .        a - +2 dagger (vamp)
rCold   . . .        (no shield)
rNeg    + . .        o - +0 robe
rPois   .            (no helmet)
rElec   .            (no cloak)
rCorr   .            (no gloves)
SInv    +            (no boots)
Will    .....        (no amulet)
Stlth   ++           m - ring of magical power
HPRegen 0.48/turn    p - ring of positive energy
MPRegen 0.19/turn

%: no passive effects
@: lethally poisoned (0 -> -4), healing quickly
A: alive, fangs 3, see invisible, vampiric 2
a: Exsanguinate, Renounce Religion


You were on level 6 of the Dungeon.
You worshipped Vehumet.
Vehumet was aware of your devotion.
You visited 1 branch of the dungeon, and saw 6 of its levels.
You also visited: Sewer.

You collected 274 gold pieces.

Inventory:

Hand Weapons
 a - a +2 vampiric dagger (weapon)
Missiles
 h - 9 poisoned darts
 n - 6 javelins
 y - 5 boomerangs
 A - 6 curare-tipped darts
Armour
 o - a +0 robe (worn)
 r - a +0 helmet
 D - an orb of wrath
Magical Staves
 v - a staff of death
Jewellery
 m - a ring of magical power (left hand)
 p - a ring of positive energy (right hand)
Talismans
 E - a serpent talisman
Wands
 w - a wand of flame (1)
 G - a wand of digging (4)
Scrolls
 c - a scroll of blinking {unknown}
 f - 3 scrolls of identify
 i - a scroll of enchant armour {unknown}
 k - a scroll of immolation {unknown}
 q - a scroll of torment {unknown}
 s - 2 scrolls of noise {unknown}
 u - a scroll of fear {unknown}
 z - 2 scrolls of silence {unknown}
 B - 2 scrolls of vulnerability {unknown}
 C - a scroll of teleportation {unknown}
 F - 2 scrolls of revelation {unknown}
Potions
 b - a potion of magic
 d - a potion of might
 e - 4 potions of cancellation {unknown}
 g - 5 potions of curing
 j - 2 potions of lignification {unknown}
 l - 3 potions of brilliance {unknown}
 t - a potion of resistance {unknown}
 x - a potion of haste {unknown}
 H - a potion of ambrosia {unknown}
 I - a potion of enlightenment {unknown}


   Skills:
 - Level 2.1 Dodging
 - Level 3.0 Stealth
 + Level 5.6 Spellcasting
 - Level 2.0 Conjurations
 + Level 6.9 Earth Magic
 - Level 4.1 Alchemy


You had 7 spell levels left.
You knew the following spells:

 Your Spells              Type           Power      Damage    Failure   Level
a - Sandblast             Erth           66%        2d15      1%          1
b - Passwall              Erth           33%        N/A       1%          3
c - Stone Arrow           Conj/Erth      46%        3d9       5%          3
d - Petrify               Alch/Erth      27%        N/A       11%         4

Your spell library contained the following spells:

 Spells                   Type           Power      Damage    Failure   Level
 Freeze                   Ice            20%        1d4       11%         1
 Slow                     Hex            20%        N/A       11%         1
 Static Discharge         Conj/Air       18%        3-4/arc   11%         2
 Jinxbite                 Hex            10%        N/A       16%         2
 Brom's Barrelling Bould  Conj/Erth      23%        2d4       17%         4
 Confusing Touch          Hex            5%         N/A       32%         3
 Inner Flame              Hex/Fire       5%         N/A       32%         3
 Vampiric Draining        Necr           5%         2d6       32%         3
 Sticky Flame             Fire/Alch      13%        2d5       43%         4
 Flame Wave               Conj/Fire      9%         2d6       56%         4
 Airstrike                Air            2%         2d(1-17)  71%         4
 Summon Lightning Spire   Summ/Air       5%         N/A       71%         4
 Yara's Violent Unravell  Hex/Alch       6%         3d5       78%         5
 Enfeeble                 Hex            2%         N/A       100%        7


Dungeon Overview and Level Annotations

Branches:
Dungeon (6/15)              Sewer (visited)
 Temple: D:4-7

Altars:
Dithmenos
Makhleb
Qazlal
Vehumet


Innate Abilities, Weirdness & Mutations

Your natural rate of healing is accelerated.
You have razor-sharp teeth.
You have supernaturally acute eyesight. (SInv)
You are afflicted with vampirism and can become a bat while bloodless.


Message History

You feel sick.
A centaur comes into view.
The adder bites you.
* * * LOW HITPOINT WARNING * * *
You are more poisoned.
The adder poisons you!
An orc comes into view. It is wielding a +0 club.
Items here: ))) [ ††.
Okay, then.
As you read the scroll labelled POMPA IV GAFEE, it crumbles to dust.
It is a scroll of identify.
d - a potion of might You feel sick.
The adder misses you.
It was a potion of curing.
You feel better. The adder misses you. The adder attacks as it pursues you!
The adder misses you.
The orc priest casts a cantrip, but nothing happens.
The adder bites you.
* * * LOW HITPOINT WARNING * * *
An iguana comes into view.
A gnoll sergeant comes into view.
It is wielding a +0 trident of protection.
The centaur wields a +0 orcbow.
The centaur shoots an arrow.
The arrow closely misses you. The adder attacks as it pursues you!
The adder barely misses you.
The shadow imp hits you but does no damage.
The iguana misses you.
The sentinel's mark upon you fades away.
The centaur shoots an arrow.
The arrow hits you!
* * * LOW HITPOINT WARNING * * *
The adder attacks as it pursues you! The adder bites you.
* * * LOW HITPOINT WARNING * * *
The iguana misses you. The adder attacks as it pursues you!
The adder barely misses you. x2
The adder attacks as it pursues you! The adder bites you.
* * * LOW HITPOINT WARNING * * *
Found a scroll of identify.
The adder attacks as it pursues you! The adder bites you.
* * * LOW HITPOINT WARNING * * *
You are lethally poisoned!
The adder poisons you! The adder bites you.
You die...

.......>#.#....#
............##.#
.######.##.###.#
.........#.# #.#
#.#####..#.# #.# ###
#......#.# #.# ...
#.....<#.. #.# #.#
#####.####.#.# #..
#.S@S.....?#.#
#.###.###o######.#
#..##5#.#.######.#
#.l.l.#.....#....#
######c#####...#.#.####
.g.......)o5###.#.#.#
#.##..#####oYooo#...#
#.. #######.##### ##
#........#


You could see an orc priest and 2 adders.

Vanquished Creatures
  Menkaure (D:5)
  A black bear (D:5)
  An ogre (D:5)
  A centaur (D:5)
  A phantom (D:4)
  3 bullfrogs
  A scorpion (D:5)
  A howler monkey (D:5)
  A crimson imp (D:3)
  A jelly (D:6)
  2 orc priests (D:5)
  A hound (D:5)
  An orc wizard (D:5)
  9 adders
  An ufetubus (D:6)
  6 dart slugs
  10 orcs
  20 endoplasms
  12 giant cockroaches
  7 hobgoblins
  24 jackals
  4 quokkas
  16 ball pythons
  6 bats
  16 frilled lizards
  9 goblins
  5 kobolds
  5 rats
166 creatures vanquished.

Notes
Turn   | Place    | Note
-------+----------+-------------------------------------------
     0 | D:1      | petete the Vampire Earth Elementalist began the quest for
                  | the Orb.
     0 | D:1      | Reached XP level 1. HP: 13/13 MP: 3/3
   293 | D:1      | Reached XP level 2. HP: 19/19 MP: 1/5
  1006 | D:1      | Gained mutation: You are afflicted with vampirism and can
                  | become a bat while bloodless. [Vampire growth]
  1006 | D:1      | Reached XP level 3. HP: 24/24 MP: 7/7
  1198 | D:2      | Learned a level 3 spell: Passwall
  1202 | D:2      | Learned a level 3 spell: Stone Arrow
  1431 | D:2      | Reached skill level 4 in Earth Magic
  1504 | D:2      | Reached skill level 1 in Conjurations
  1504 | D:2      | Reached XP level 4. HP: 30/30 MP: 8/8
  2105 | D:3      | Found a glowing drain.
  2116 | Sewer    | Entered a sewer
  2123 | Sewer    | Reached XP level 5. HP: 35/35 MP: 10/10
  2135 | Sewer    | Learned a level 4 spell: Petrify
  2536 | Sewer    | Reached skill level 5 in Earth Magic
  2536 | Sewer    | Reached skill level 1 in Alchemy
  2536 | Sewer    | Reached XP level 6. HP: 30/41 MP: 12/12
  2739 | D:3      | Found a burning altar of Makhleb.
  2743 | D:3      | Found a radiant altar of Vehumet.
  2749 | D:3      | Became a worshipper of Vehumet
  3126 | D:4      | Reached XP level 7. HP: 39/46 MP: 13/14
  3219 | D:4      | Found a stormy altar of Qazlal.
  4038 | D:5      | Entered Level 5 of the Dungeon
  4122 | D:5      | Reached skill level 5 in Spellcasting
  4180 | D:5      | Reached skill level 6 in Earth Magic
  4192 | D:5      | Reached * piety under Vehumet
  4192 | D:5      | Offered knowledge of Freeze by Vehumet.
  4456 | D:5      | Reached XP level 8. HP: 52/52 MP: 15/15
  4511 | D:5      | Found a shadowy altar of Dithmenos.
  4545 | D:5      | Noticed Menkaure
  4554 | D:5      | Killed Menkaure
  4667 | D:6      | HP: 1/52 [adder (2)]
  4672 | D:6      | HP: 1/52 [adder (2)]
  4673 | D:6      | Slain by an adder

Illustrated notes

Levels and vault maps discovered:
D:1:      dpeg_arrival_tiny_f, layout_basic
D:2:      layout_basic, dk_noncrumbling_4
D:3:      layout_loops_cross, grunt_temple_overflow_lords_of_destruction,
          portal_sewer_entry_d
D:4:      layout_basic, mainiacjoe_overflow_chevrons, reono_crystal_passage
D:5:      layout_rooms, kennysheep_mini_moat, uniq_menkaure
D:6:      layout_basic, mainiacjoe_overflow_boulevard, mrwooster_statue_mirror,
          grunt_decor_junction, nicolae_custom_books, minmay_bent

Skill      XL: |  1  2  3  4  5  6  7 |
---------------+----------------------+-----
Spellcasting   | 3 4 5 |  5.6
Earth Magic    | 4 5 6 |  6.9
Conjurations   | 1 2 |  2.0
Alchemy        | 1 3 4 |  4.1
Dodging        | |  2.1
Stealth        | |  3.0

Action                     |  1- 3 |  4- 6 |  7- 9 || total
---------------------------+-------+-------+-------++-------
  Melee: Short sword       |    14 |       |       ||    14
         Dagger            |     1 |     1 |     1 ||     3
         Bite              |       |       |     1 ||     1
   Cast: Sandblast         |    51 |   113 |    61 ||   225
    Use: Scroll            |       |       |     1 ||     1
         Potion            |       |       |     1 ||     1
 Armour: Robe              |     9 |    25 |    37 ||    71
  Dodge: Dodged            |    17 |    24 |    59 ||   100

Table legend: (Time is in decaauts)
 A = Elapsed time spent in this place.
 B = Non-inter-level travel time spent in this place.
 C = Inter-level travel time spent in this place.
 D = Time resting spent in this place.
 E = Time spent auto-exploring this place.
 F = Levels seen in this place.
 G = Mean time per level.
                   A        B        C        D        E       F      G
               +--------+--------+--------+--------+--------+-----+--------+
         Total |   4850 |   4642 |    208 |     74 |   3475 |   7 |  692.9 |
       Dungeon |   4278 |   4070 |    208 |     74 |   3115 |   6 |  713.0 |
         Sewer |    571 |    571 |      0 |      0 |    360 |   1 |  571.0 |
               +--------+--------+--------+--------+--------+-----+--------+

Top non-repeatable levels by time:
     D:4: 1087 daAuts
     D:1: 1085 daAuts
     D:3: 729 daAuts
     D:2: 718 daAuts
     D:5: 577 daAuts
   Sewer: 571 daAuts
     D:6: 80 daAuts
